 Dungeon Crawl Stone Soup version 0.31-a0-180-g519b7de00c (webtiles) character file.

Game seed: 15046432410811827961

22 qw the Shooter (level 2, 0/26 HPs)
             Began as a Naga Hunter on June 19, 2023.
             Killed from afar by a dart slug (5 damage)
             ... with a slug dart
             ... on level 2 of the Dungeon.
             The game lasted 00:00:19 (995 turns).

qw the Shooter (Naga Hunter)                         Turns: 995, Time: 00:00:20

Health: 0/26       AC:  3    Str: 13    XL:     2   Next: 91%
Magic:  2/2        EV:  9    Int:  9    God:
Gold:   63         SH:  0    Dex: 14    Spells: 1/1 levels left

rFire   . . .        Y - +0 shortbow
rCold   . . .        (shield currently unavailable)
rNeg    . . .        c - +0 leather armour
rPois   +            (no helmet)
rElec   .            (no cloak)
rCorr   .            g - +0 pair of gloves
SInv    +            (no barding)
Will    .....        f - amulet of the acrobat
Stlth   ++           (no ring)
HPRegen 0.24/turn    (no ring)
MPRegen 0.08/turn

%: acrobat
@: very slow
A: AC +0, large, see invisible, deformed body, poison resistance, slowness 2,
spit poison 1, naga tail 1
a: Spit Poison


You were on level 2 of the Dungeon.
You visited 1 branch of the dungeon, and saw 2 of its levels.

You collected 63 gold pieces.


Innate Abilities, Weirdness & Mutations

Your serpentine skin is tough. (AC +0)
You have supernaturally acute eyesight. (SInv)
Armour fits poorly on your strangely shaped body.
Your system is resistant to poisons. (rPois)
You cover ground very slowly.
You can spit poison.
You have a snake-like lower body.


   Skills:
 - Level 2.0 Fighting
 + Level 4.4 Ranged Weapons
 - Level 1.5 Dodging
 - Level 1.5 Stealth


You had one spell level left.
You didn't know any spells.
Your spell library was empty.

Inventory:

Hand Weapons
 Y - a +0 shortbow (weapon)
Armour
 c - a +0 leather armour (worn)
 g - a +0 pair of gloves (worn)
Jewellery
 e - a ring of fire
 f - an amulet of the acrobat (around neck)
Scrolls
 a - 3 scrolls of identify
 d - a scroll of vulnerability {unknown}
Potions
 b - a potion of curing {unknown}

Dungeon Overview and Level Annotations

Branches:
Dungeon (2/15)

Altars:


Message History

The gnoll shouts!
The arrow hits the dart slug.
The dart slug is moderately wounded.
You shoot an arrow. The arrow barely misses the gnoll.
The arrow hits the gnoll but does no damage.
You shoot an arrow.
The arrow hits the gnoll but does no damage.
The gnoll is lightly wounded.
You have got your breath back.
991 ||| INVOKING Spit Poison.
Aiming: Spit Poison (2% risk of failure)
Press: ? - help, Shift-Dir - straight line, f/p - gnoll The splash of poison hits the gnoll.
The gnoll is poisoned.
The gnoll is moderately wounded.
The gnoll hits you but does no damage. The giant cockroach bites you.
You shoot an arrow. The arrow completely misses the gnoll.
The arrow hits the gnoll.
The gnoll is lightly wounded.
The gnoll hits you with a +0 club. The giant cockroach barely misses you.
The gnoll closely misses you. The gnoll hits you with a +0 club.
You shoot an arrow.
The arrow hits the gnoll but does no damage.
The gnoll is heavily wounded.
The giant cockroach barely misses you. The gnoll hits you with a +0 club. x2
The gnoll closely misses you. The giant cockroach bites you.
You shoot an arrow.
The arrow hits the gnoll but does no damage.
The gnoll is heavily wounded.
The gnoll hits you from afar with a +0 spear.
The gnoll hits you with a +0 club. The gnoll hits you but does no damage.
The giant cockroach closely misses you.
You shoot an arrow. The arrow barely misses the gnoll.
You have got your breath back.
The gnoll looks more healthy.
The giant cockroach bites you but does no damage.
The gnoll hits you with a +0 club. x2
The gnoll hits you from afar with a +0 spear.
The dart slug launches a dart at you. The slug dart hits you.
You die...

######## #......#
#......#
######......########.
#....................
#.#####)###..%.......
#.........#.....[....
#.........##########.
#..g@.........
#..gwB........ #
#...g.........# #
#..$..........# #
##...%........# #
#............ #
#.?......... #
#........## # #####


You could see 3 gnolls, a dart slug and a giant cockroach.

Vanquished Creatures
  A bat (D:2)
  3 endoplasms
  A giant cockroach (D:1)
  4 goblins
  3 hobgoblins
  2 kobolds (D:2)
  A quokka (D:2)
  2 frilled lizards
  A spectral goblin (D:2)
18 creatures vanquished.

Notes
Turn   | Place    | Note
-------+----------+-------------------------------------------
     0 | D:1      | qw the Naga Hunter began the quest for the Orb.
     0 | D:1      | Reached XP level 1. HP: 19/19 MP: 1/1
     0 | D:1      | 0 ||| qw: Version: 0.3-a-7-ge0c9b40
     0 | D:1      | 0 ||| qw: Game counter: 1054
     0 | D:1      | 0 ||| qw: Always use a shield: true
     0 | D:1      | 0 ||| qw: God list: Okawaru
     0 | D:1      | 0 ||| qw: Allow faded altars: false
     0 | D:1      | 0 ||| qw: Do Orc after D:15 true
     0 | D:1      | 0 ||| qw: Do second Lair branch before Depths: true
     0 | D:1      | 0 ||| qw: Lair rune preference: random
     0 | D:1      | 0 ||| qw: Plans: Normal
     0 | D:1      | 0 ||| PLANNING D:1-11
   158 | D:1      | 158 ||| INVOKING Spit Poison.
   323 | D:1      | 323 ||| INVOKING Spit Poison.
   380 | D:1      | 380 ||| INVOKING Spit Poison.
   382 | D:1      | Reached skill level 4 in Ranged Weapons
   382 | D:1      | Reached XP level 2. HP: 26/26 MP: 2/2
   396 | D:1      | 396 ||| INVOKING Spit Poison.
   674 | D:1      | 674 ||| UPGRADING to +0 pair of gloves.
   679 | D:1      | 679 ||| UPGRADING to amulet of the acrobat.
   684 | D:1      | 684 ||| READING 3 scrolls labelled POSI KUGGOE.
   685 | D:1      | 685 ||| READING scroll labelled MOMEEWU GYRENO.
   686 | D:1      | 686 ||| READING scroll labelled ENAABO XUXEEP.
   687 | D:1      | 687 ||| DROPPING scroll of butterflies.
   723 | D:2      | Found a faded altar of an unknown god.
   735 | D:2      | 735 ||| INVOKING Spit Poison.
   741 | D:2      | 741 ||| INVOKING Spit Poison.
   804 | D:2      | 804 ||| INVOKING Spit Poison.
   810 | D:2      | 810 ||| INVOKING Spit Poison.
   816 | D:2      | 816 ||| INVOKING Spit Poison.
   821 | D:2      | 821 ||| INVOKING Spit Poison.
   961 | D:2      | 961 ||| INVOKING Spit Poison.
   967 | D:2      | 967 ||| INVOKING Spit Poison.
   978 | D:2      | 978 ||| INVOKING Spit Poison.
   987 | D:2      | 987 ||| INVOKING Spit Poison.
   991 | D:2      | 991 ||| INVOKING Spit Poison.
   995 | D:2      | HP: 5/26 [gnoll/+0 spear (4)]
   995 | D:2      | Killed from afar by a dart slug

Levels and vault maps discovered:
D:1:      saegor_arrival_simple_b, layout_basic, minmay_misc_feat_square,
          minmay_strange_pillars
D:2:      layout_basic, dreamdust_ecumenical_altar_drowned_temple,
          chequers_serial_rivers_micro_a

Skill      XL: |  1 |
---------------+----+-----
Ranged Weapons | 4 |  4.4
Fighting       | |  2.0
Dodging        | |  1.5
Stealth        | |  1.5

Action                     || total
---------------------------++-------
   Fire: Shortbow          ||    54
Ability: Spit Poison       ||    15
    Use: Scroll            ||     3
 Armour: Leather armour    ||     9
  Dodge: Dodged            ||    15

Table legend:
 A = Non-vault XP
 B = Vault XP
 C = Vault XP percentage of total XP
 D = Non-vault monster count
 E = Vault monster count
 F = Vault count percentage of total count
                 A         B        C        D         E       F
            +---------+---------+-------+---------+---------+-------
      Total |      31 |       1 |   3.1 |      17 |       1 |   5.6
            +---------+---------+-------+---------+---------+-------
        D:1 |      13 |       0 |   0.0 |       7 |       0 |   0.0
        D:2 |      18 |       1 |   5.3 |      10 |       1 |   9.1
            +---------+---------+-------+---------+---------+-------
